AoeStats
← 台北順起來

Arena

511014903Analyzed
3v3 RM · 10h ago on Oct 3, 2026· 44m 33s· 6 players
Game mode
Random Map
Map size
Normal (6 player)
Population
200
Speed
Normal
Resources
Standard
Victory
Conquest
Starting age
Dark Age
Ending age
Imperial Age
RankedLock teamsTeams togetherTeam positionsShared explorationLock speedFull tech treeHidden civsTurbo modeCheats
Victory
Defeat
🇹🇼 Khmer · Taiwan
1093
+15
🇨🇳 Huns · China
1079
+16
🇨🇳 Vietnamese · China
1007
+19
🇹🇼 Persians · Taiwan
1088
-17
🇹🇼 Bohemians · Taiwan
1081
-17
🇹🇼 Varangians · Taiwan
1050
-16
sky2551230
7:03 Loom
9:44 Feudal Age
16:06 Castle Age
14:37 Double-Bit Axe
14:34 Horse Collar
14:47 Gold Mining
16:12 Scale Barding Armor
22:33 Chain Barding Armor
23:01 Wheelbarrow
22:56 Husbandry
23:06 Bloodlines
25:12 Heavy Plow
25:23 Forging
25:26 Bow Saw
28:33 Hand Cart
32:12 Imperial Age
31:08 Gold Shaft Mining
31:10 Iron Casting
33:29 Chemistry
32:05 Heavy Camel Rider
33:28 Plate Barding Armor
33:54 Blast Furnace
39:40 Cavalier
台北順起來
7:01 Loom
9:28 Feudal Age
10:13 Double-Bit Axe
15:32 Fletching
15:34 Horse Collar
22:00 Wheelbarrow
25:03 Castle Age
25:06 Pikeman
28:47 Bow Saw
28:39 Heavy Plow
35:05 Imperial Age
35:53 Chemistry
35:01 Squires
34:47 Arson
36:25 Conscription
36:34 Scale Mail Armor
36:45 Forging
40:00 Two-Man Saw
39:20 Chain Mail Armor
38:52 Halberdier
Player Disconnected.
0:31 Loom
9:43 Feudal Age
14:34 Castle Age
12:21 Double-Bit Axe
13:10 Horse Collar
16:58 Stone Mining
19:32 Squires
21:35 Arson
24:06 Heavy Plow
24:25 Scale Mail Armor
31:17 Gambesons
32:01 Chain Mail Armor
32:43 Wheelbarrow
32:35 Forging
35:31 Imperial Age
33:53 Gold Mining
36:46 Murder Holes
38:11 Pikeman
40:06 Plate Mail Armor
41:29 Fortified Wall
43:21 Conscription
BangBangBang
10:03 Feudal Age
11:16 Loom
13:38 Castle Age
12:00 Double-Bit Axe
12:39 Horse Collar
13:27 Bloodlines
22:31 Bow Saw
23:37 Wheelbarrow
24:55 Gold Mining
24:55 Stone Mining
29:54 Imperial Age
27:54 Town Watch
28:26 Hand Cart
28:19 Scale Barding Armor
28:24 Forging
28:19 Husbandry
29:39 Chain Barding Armor
29:28 Heavy Plow
31:20 Iron Casting
32:29 Plate Barding Armor
32:34 Fletching
33:33 Gold Shaft Mining
33:34 Stone Shaft Mining
34:03 Crop Rotation
33:46 Siege Engineers
34:28 Pikeman
34:54 Arson
35:09 Scale Mail Armor
36:10 Blast Furnace
34:35 Light Cavalry
35:20 Bodkin Arrow
36:28 Conscription
36:43 Chain Mail Armor
36:53 Double Crossbow
37:02 Crossbowman
37:43 Padded Archer Armor
37:33 Arbalester
37:53 Hussar
39:13 Ballistics
38:41 Capped Ram
42:16 Bracer
42:31 Leather Archer Armor
44:38 Ring Archer Armor
43:42 Elite Ballista Elephant
45:37 Hoardings
44:59 Murder Holes
46:05 Chemistry
45:16 Masonry
Tree new bee
10:43 Feudal Age
11:56 Loom
15:48 Castle Age
14:03 Double-Bit Axe
27:59 Wheelbarrow
31:59 Imperial Age
29:44 Hand Cart
32:34 Scale Barding Armor
32:35 Husbandry
32:46 Bloodlines
33:45 Chemistry
33:00 Bow Saw
33:14 Paper Money
34:00 Chain Barding Armor
33:51 Forging
34:14 Gold Mining
35:44 Two-Man Saw
35:22 Plate Barding Armor
35:22 Elite Battle Elephant
36:21 Chatras
38:08 Stone Mining
38:10 Horse Collar
39:09 Iron Casting
39:52 Ballistics
39:12 Treadmill Crane
40:54 Fletching
40:39 Elite Rattan Archer
41:55 Hoardings
42:31 Bodkin Arrow
42:37 Padded Archer Armor
cihuncihome
9:58 Loom
11:44 Feudal Age
16:23 Fletching
16:44 Double-Bit Axe
24:50 Castle Age
23:00 Horse Collar
25:04 Gold Mining
25:32 Scale Mail Armor
26:11 Squires
34:37 Pikeman
40:50 Chain Mail Armor
Connection lost

Rejoining the realm…

Still unreachable

The connection could not be restored.

Session expired

The server has moved on; the page needs a fresh start.